 Dungeon Crawl Stone Soup version 0.32-a0-361-g289a535e89 (webtiles) character file.

Game seed: 9323693283600388085

5903 ytrimaz the Fighter (level 10, -2/85 HPs)
             Began as a Coglin Fighter on Feb 18, 2024.
             Was an Elder of Okawaru.
             Slain by a gnoll
             ... wielding a +0 spear
             ... led by a gnoll sergeant
              (3 damage)
             ... on level 9 of the Dungeon.
             The game lasted 00:10:32 (7760 turns).

ytrimaz the Fighter (Coglin Fighter)                Turns: 7760, Time: 00:10:33

Health: -2/85      AC: 11    Str: 22    XL:     10   Next: 82%
Magic:  0/10       EV:  9    Int: 10    God:    Okawaru [****..]
Gold:   459        SH:  0    Dex: 13    Spells: 5/9 levels left

rFire   + . .        a - +0 war axe {Khenut}
rCold   . . .        d - +5 hammer of Tender Mercy {freeze, rF+ rN+ rCorr Str+3}
rNeg    + . .        b - +0 scale mail
rPois   .            (no helmet)
rElec   .            l - +0 cloak
rCorr   +            (no gloves)
SInv    .            (no boots)
Will    .....        s - amulet of guardian spirit Stlth
                     i - ring of the Mage {Wiz Archmagi}
HPRegen 0.34/turn    h - +4 ring of protection
MPRegen 0.12/turn

%: guardian spirit, wizardry (x1), archmagi
@: revved, stiff-legged, very slow
A: off-hand wielding, slow wielding, warmup strikes, warmup strides
a: Renounce Religion, Heroism, Finesse


You were on level 9 of the Dungeon.
You worshipped Okawaru.
Okawaru was greatly pleased with you.
You visited 2 branches of the dungeon, and saw 10 of its levels.

You collected 459 gold pieces.


Innate Abilities, Weirdness & Mutations

You can wield a second weapon in your off-hand.
It takes a long time for you to wield or remove held weapons.
Your first few attacks do less damage.
Your first movements take longer.


   Skills:
 + Level 10.3 Fighting
 + Level 9.9 Axes
 - Level 2.6 Armour
 - Level 2.1 Shields
 + Level 8.0 Necromancy


You had 5 spell levels left.
You knew the following spells:

 Your Spells              Type           Power      Damage    Failure   Level
a - Dispel Undead         Necr           24%        3d12      16%         4

Your spell library contained the following spells:

 Spells                   Type           Power      Damage    Failure   Level
 Necrotise                Necr           96%        1d8       1%          1
 Vampiric Draining        Necr           24%        2d7       4%          3
 Kiss of Death            Conj/Necr      48%        2d9       8%          1
 Magic Dart               Conj           0%         1d3       36%         1
 Curse of Agony           Necr           24%        N/A       38%         5
 Blink                    Tloc           0%         N/A       50%         2
 Confusing Touch          Hex            0%         N/A       71%         3
 Ignite Poison            Fire/Alch      0%         N/A       98%         4
 Sticky Flame             Fire/Alch      0%         2d4       98%         4
 Ignition                 Fire           0%         3d3       100%        8
 Call Imp                 Summ           Unusable   N/A       N/A         2
 Martyr's Knell           Necr/Summ      Unusable   N/A       N/A         4

Inventory:

Hand Weapons
 a - a +0 war axe (weapon) {Khenut}
 d - the +5 hammer of Tender Mercy (worn) {freeze, rF+ rN+ rCorr Str+3}
   (You found it on level 2 of the Dungeon)

   Str+3:     It affects your strength (+3).
   rF+:       It protects you from fire.
   rN+:       It protects you from negative energy.
   rCorr:     It protects you from acid and corrosion.
Missiles
 m - a throwing net (quivered)
Armour
 b - a +0 scale mail (worn)
 l - a +0 cloak (worn)
   (You found it on level 2 of the Dungeon)
 C - the +0 leather armour of Quantum Leap {rCorr}
   (You found it on level 8 of the Dungeon)

   rCorr:     It protects you from acid and corrosion.
Jewellery
 e - a ring of see invisible
   (You found it on level 1 of the Dungeon)
 h - a +4 ring of protection (right grasper)
   (You found it on level 4 of the Dungeon)
 i - the ring of the Mage (left grasper) {Wiz Archmagi}
   (You found it on level 5 of the Dungeon)

   [ring of wizardry]

   Wiz:       It improves your spell success rate.
   Archmagi:  It increases the power of your magical spells.
 o - a +5 ring of evasion
   (You found it on level 5 of the Dungeon)
 s - an amulet of guardian spirit (around neck)
   (You found it on level 6 of the Dungeon)
 z - a ring of wizardry
   (You found it on level 7 of the Dungeon)
 E - a +6 ring of strength
   (You found it on level 8 of the Dungeon)
Wands
 c - a wand of roots (8)
   (You found it on level 7 of the Dungeon)
 j - a wand of paralysis (12)
   (You took it off Joseph on level 8 of the Dungeon)
 p - a wand of polymorph (7)
   (You found it on level 8 of the Dungeon)
 w - a wand of flame (55)
   (You took it off Pikel on level 6 of the Dungeon)
Scrolls
 f - 2 scrolls of teleportation
 g - a scroll of identify
 k - 2 scrolls of enchant armour
 n - 2 scrolls of vulnerability
 t - a scroll of immolation
 u - a scroll of blinking
 v - 3 scrolls of amnesia
 x - a scroll of enchant weapon
 y - 3 scrolls of poison
 D - a scroll of fear
Potions
 q - 2 potions of degeneration
 r - a potion of brilliance
 A - a potion of ambrosia
 B - a potion of invisibility

Dungeon Overview and Level Annotations

Branches:
Dungeon (9/15) Zot: 26790  Temple (1/1) D:6 Zot: 5980
   Lair: D:8-11         Orc: D:9-12

Altars:
Ashenzari
Cheibriados
Dithmenos
Elyvilon
Fedhas
Gozag
Hepliaklqana
Kikubaaqudgha
Makhleb
Nemelex Xobeh
Okawaru
Ru
Sif Muna
Trog
Uskayaw
Vehumet
Wu Jian
Xom
Yredelemnul
Zin
The Shining One
Beogh

Shops:
D:4 [

Annotations:
D:6 3 runed translucent doors, Biggs's ghost, novice CoGl
D:8 2 transporters, Azoth's ghost, novice KoMo

# ########### #.
...>......###.###
###.#####.. ....#
##)..## #.#g# #
#.....# #.#g###?#
##...## #..)@...#
##.## ##.....## #.#
#..##.# #.# #..##.#
##'## #..##.# ##...##
#.....# #.....##
##.##..# .......##
##..##..#
........####...#.#.##


You could see a gnoll sergeant and a gnoll.


Message History

a +0 long sword; a +0 leather armour; an elf corpse 😮 HP[+1] 😮 HP[+1] MP[+1] Unknown command.
Key pressed, stopping explore.
You open the door.
Found a stone staircase leading up. 😎 HP[+39] MP[+3]
Your hp is fully restored (85).
Your mp is fully restored (10).
There is an open door here.
As you open the door, it creaks loudly!
There is an open door here.
A gnoll comes into view. It is wielding a +0 whip.
The gnoll shouts!
A gnoll comes into view. It is wielding a +1 vampiric spear.
There are monsters nearby!
A gnoll sergeant comes into view.
It is wielding a +4 trident of distortion.
The gnoll sergeant shouts!
You hear a shout!
The gnoll hits you but does no damage.
The gnoll hits you from afar with a +1 vampiric spear. 😕 HP[-6]
You take 6 damage, and now have 79/85 hp.
You slash the gnoll with your +0 war axe!
You kill the gnoll!
Okawaru accepts your kill. The gnoll hits you but does no damage.
The gnoll sergeant barely misses you.
The gnoll hits you with a +1 vampiric spear.
The gnoll closely misses you.
The gnoll sergeant hits you but does no damage.
Space warps around you.
You see here a +0 whip. 😕 HP[-3]
You take 3 damage, and now have 76/85 hp.
Unknown command.
You hit the gnoll but do no damage.
You closely miss the gnoll with the +5 hammer of Tender Mercy.
The gnoll sergeant hits you from afar with a +4 trident of distortion!
Space warps around you.
The gnoll barely misses you. 😮 HP[-13] MP[-1]
You take 13 damage, and now have 63/85 hp.
You lost 1 mp, and now have 9/10 mp.
You completely miss the gnoll with the +5 hammer of Tender Mercy.
You hit the gnoll with your +0 war axe.
The gnoll sergeant hits you but does no damage.
Space warps around you. 😮 HP[-3] MP[-1]
You take 3 damage, and now have 60/85 hp.
You lost 1 mp, and now have 8/10 mp.
You are too injured to fight recklessly!
A gnoll comes into view. It is wielding a +0 spear.
The gnoll shouts!
The gnoll sergeant hits you with a +4 trident of distortion!
You blink.
The gnoll hits you from afar with a +1 vampiric spear!
The gnoll moves out of view. 😮 HP[-14] MP[-1]
You take 14 damage, and now have 46/85 hp.
You lost 1 mp, and now have 7/10 mp.
Unknown command.
Unknown command.
The gnoll sergeant hits you with a +4 trident of distortion.
Space warps horribly around you!
* * * LOW HITPOINT WARNING * * *
The gnoll hits you with a +1 vampiric spear.
* * * LOW HITPOINT WARNING * * *
You slash the gnoll sergeant with your +0 war axe!
You hit the gnoll with your +0 war axe.
You hit the gnoll sergeant with the +5 hammer of Tender Mercy.
You freeze the gnoll sergeant.
A gnoll comes into view. It is wielding a +0 club.
The gnoll closely misses you.
The gnoll sergeant hits you with a +4 trident of distortion!
* * * LOW HITPOINT WARNING * * *
Space warps horribly around you.
* * * LOW HITPOINT WARNING * * *
The gnoll hits you but does no damage.
You slash the gnoll sergeant with your +0 war axe!
You slash the gnoll with your +0 war axe!
You kill the gnoll!
Okawaru accepts your kill.
You barely miss the gnoll sergeant with the +5 hammer of Tender Mercy.
The gnoll hits you but does no damage.
The gnoll sergeant hits you with a +4 trident of distortion.
* * * LOW HITPOINT WARNING * * *
Space warps around you.
* * * LOW HITPOINT WARNING * * *
😱 HP[-26] MP[-3]
You take 26 damage, and now have 20/85 hp.
MASSIVE DAMAGE!! (PAUSE)
You lost 3 mp, and now have 4/10 mp.
You hit the gnoll sergeant with the +5 hammer of Tender Mercy.
You freeze the gnoll sergeant.
You hit the gnoll sergeant but do no damage.
The gnoll sergeant hits you with a +4 trident of distortion!
* * * LOW HITPOINT WARNING * * *
Space warps horribly around you!
* * * LOW HITPOINT WARNING * * *
The gnoll hits you from afar with a +0 spear.
You die...

Skill      XL: |  1  2  3  4  5  6  7  8  9 10 |
---------------+-------------------------------+-----
Axes           | 3 4 5 6 7 8 9 |  9.9
Fighting       | 4 5 7 9 10 | 10.3
Necromancy     | 3 4 6 8 |  8.0
Armour         | |  2.6
Shields        | |  2.1

Action                     |  1- 3 |  4- 6 |  7- 9 | 10-12 || total
---------------------------+-------+-------+-------+-------++-------
  Melee: War axe           |    44 |    55 |    91 |    61 ||   251
         Dagger            |       |    14 |       |       ||    14
         Mace              |       |    34 |    93 |    63 ||   190
 Invoke: Heroism           |       |       |       |     1 ||     1
    Use: Potion            |       |     6 |     3 |     1 ||    10
         Scroll            |       |     6 |     7 |     2 ||    15
 Armour: Scale mail        |    37 |    60 |   106 |   113 ||   316
  Dodge: Dodged            |    20 |    52 |    53 |    41 ||   166

Levels and vault maps discovered:
D:1:      dpeg_arrival_pond, layout_loops_ring, kennysheep_boxes
D:2:      layout_loops_ring, nicolae_ecumenical_pavilion, basic_altar,
          kennysheep_generic_room_10, uniq_jessica, uniq_crazy_yiuf_cottage
D:3:      layout_loops_corners
D:4:      layout_basic, gammafunk_temple_overflow_forgotten, serial_shops,
          nicolae_shop_crystal, st_stairs_4, uniq_blork_the_orc
D:5:      layout_loops_corners, serial_glass, glass_columns_c, glass_columns_b
D:6:      layout_loops_ring, mainiacjoe_overflow_catwalk,
          minmay_temple_entry_slanted, biasface_ghost_orc_armoury,
          minmay_misc_feat_chi, hex_tiny, uniq_jeremiah, uniq_pikel
D:7:      layout_basic, nicolae_phantomly_mirrored
D:8:      layout_loops_ring, serial_aquarium, aquarium_bridge_long_joined
          [aquarium_subvault_bridge, aquarium_subvault_window,
          aquarium_subvault_window, aquarium_subvault_wall,
          aquarium_subvault_bridge, aquarium_subvault_balcony],
          aquarium_bridge_straight [aquarium_subvault_bridge,
          aquarium_subvault_window, aquarium_subvault_bridge,
          aquarium_subvault_window], aquarium_window_corridor_2,
          aquarium_window_1, aquarium_view_2d, aquarium_balcony_3a,
          gammafunk_ghost_wrathful_warriors, uniq_joseph, uniq_prince_ribbit1,
          uniq_grum
D:9:      layout_loops_corners, mainiacjoe_overflow_surrounded_room
Temple:   sentei_temple_godly_chess

Notes
Turn   | Place    | Note
-------+----------+-------------------------------------------
     0 | D:1      | ytrimaz the Coglin Fighter began the quest for the Orb.
     0 | D:1      | Reached XP level 1. HP: 18/18 MP: 1/1
     0 | D:1      | magus.rc [v1.9.6]
   177 | D:1      | Reached XP level 2. HP: 23/24 MP: 2/2
   182 | D:1      | You pick up a book of Necromancy and begin reading...
   182 | D:1      | You add the spells Necrotise, Vampiric Draining, Martyr's
                  | Knell and Curse of Agony to your library.
   443 | D:1      | Reached XP level 3. HP: 28/29 MP: 3/3
   623 | D:2      | Found a faded altar of an unknown god.
   883 | D:2      | Found a snail-covered altar of Cheibriados.
   900 | D:2      | Reached skill level 3 in Axes
   921 | D:2      | You pick up a book of Touch and begin reading...
   921 | D:2      | You add the spells Kiss of Death, Confusing Touch and
                  | Dispel Undead to your library.
   993 | D:2      | Noticed Jessica
  1003 | D:2      | Killed Jessica
  1004 | D:2      | Reached skill level 4 in Fighting
  1004 | D:2      | Reached XP level 4. HP: 35/37 MP: 4/4
  1369 | D:2      | Found a runed translucent door.
  1370 | D:2      | Noticed Crazy Yiuf
  1377 | D:2      | Killed Crazy Yiuf
  1378 | D:2      | Reached XP level 5. HP: 22/43 MP: 5/5
  1382 | D:2      | Identified the +5 hammer of Tender Mercy {freeze, rF+ rN+
                  | rCorr Str+3}
  2002 | D:3      | Reached skill level 4 in Axes
  2551 | D:4      | Found Faullor's Antique Armour Shop.
  2566 | D:4      | Noticed Blork the orc
  2572 | D:4      | Killed Blork the orc
  2573 | D:4      | Reached skill level 5 in Fighting
  2573 | D:4      | Reached XP level 6. HP: 45/51 MP: 6/6
  2706 | D:4      | Found a hide-covered altar of Uskayaw.
  2706 | D:4      | Found an ancient bone altar of Kikubaaqudgha.
  2706 | D:4      | Found a glowing silver altar of Zin.
  2767 | D:4      | HP: 5/51 [iguana (12)]
  2774 | D:4      | Reached skill level 5 in Axes
  2938 | D:4      | Reached XP level 7. HP: 57/57 MP: 7/7
  3112 | D:5      | Entered Level 5 of the Dungeon
  3144 | D:5      | Found the ring of the Mage {Wiz Archmagi}
  3186 | D:5      | Reached skill level 6 in Fighting
  3194 | D:5      | Learned a level 4 spell: Dispel Undead
  3272 | D:5      | You pick up a book of Minor Magic and begin reading...
  3272 | D:5      | You add the spells Magic Dart, Blink and Call Imp to your
                  | library.
  3487 | D:5      | Reached skill level 1 in Necromancy
  3674 | D:5      | Reached skill level 6 in Axes
  3821 | D:5      | Reached skill level 2 in Necromancy
  4096 | D:6      | Noticed Jeremiah
  4121 | D:6      | Killed Jeremiah
  4122 | D:6      | Reached skill level 7 in Fighting
  4122 | D:6      | Reached skill level 3 in Necromancy
  4122 | D:6      | Reached XP level 8. HP: 61/67 MP: 8/8
  4188 | D:6      | Found a staircase to the Ecumenical Temple.
  4197 | D:6      | Noticed Pikel
  4199 | D:6      | HP: 16/67 [orc/+0 trident (5)]
  4201 | D:6      | HP: 5/67 [orc/+0 trident (4)]
  4201 | D:6      | HP: 2/67 [something/puff of flame (3)]
  4206 | D:6      | HP: 8/67 [poisoned by an adder]
  4560 | Temple   | Entered the Ecumenical Temple
  4569 | Temple   | Became a worshipper of Warmaster Okawaru
  4674 | D:6      | Killed Pikel
  4675 | D:6      | Reached skill level 7 in Axes
  4675 | D:6      | Reached skill level 4 in Necromancy
  4675 | D:6      | Reached XP level 9. HP: 68/74 MP: 9/9
  4723 | D:6      | Reached skill level 8 in Fighting
  4729 | D:6      | Found a broken altar of Ashenzari.
  4877 | D:6      | You add the spells Ignite Poison, Sticky Flame and Ignition
                  | to your library.
  5024 | D:6      | Reached * piety under Okawaru
  5025 | D:6      | Reached skill level 5 in Necromancy
  5050 | D:6      | Found a runed translucent gate.
  5051 | D:6      | Found a runed translucent gate.
  5053 | D:6      | Found a runed translucent gate.
  5056 | D:6      | Noticed Biggs's ghost (novice CoGl)
  5245 | D:6      | Found a roughly hewn altar of Beogh.
  5859 | D:7      | Reached skill level 8 in Axes
  6079 | D:7      | Noticed a two-headed ogre
  6079 | D:7      | Noticed a two-headed ogre
  6090 | D:7      | Killed a two-headed ogre
  6090 | D:7      | Reached ** piety under Okawaru
  6091 | D:7      | Reached skill level 6 in Necromancy
  6092 | D:7      | Killed a two-headed ogre
  6093 | D:7      | Reached skill level 9 in Fighting
  6093 | D:7      | Reached XP level 10. HP: 67/83 MP: 4/10
  6098 | D:7      | Reached skill level 9 in Axes
  6380 | D:8      | Reached skill level 7 in Necromancy
  6463 | D:8      | Noticed Prince Ribbit
  6472 | D:8      | Killed Prince Ribbit
  6472 | D:8      | Reached *** piety under Okawaru
  6603 | D:8      | Noticed Azoth's ghost (novice KoMo)
  6607 | D:8      | Found a bloodstained altar of Trog.
  6607 | D:8      | Noticed a moth of wrath
  6624 | D:8      | Noticed Joseph
  6630 | D:8      | Paralysed by Joseph for 5 turns
  6639 | D:8      | HP: 21/84 [orc warrior/+0 trident (2)]
  6645 | D:8      | HP: 10/84 [Joseph/+0 quarterstaff (3)]
  6646 | D:8      | HP: 3/84 [Joseph/+0 quarterstaff (8)]
  6649 | D:8      | Killed Joseph
  6848 | D:8      | Found a transporter.
  6865 | D:8      | Found a transporter.
  6930 | D:8      | Identified the +0 leather armour of Quantum Leap {rCorr}
  6947 | D:8      | Reached skill level 10 in Fighting
  7099 | D:8      | Noticed Grum
  7104 | D:8      | Killed Grum
  7588 | D:9      | Noticed a deep elf pyromancer
  7595 | D:9      | Killed a deep elf pyromancer
  7595 | D:9      | Reached **** piety under Okawaru
  7596 | D:9      | Reached skill level 8 in Necromancy
  7759 | D:9      | HP: 20/85 [gnoll sergeant/+4 trident of distortion (2)]
  7760 | D:9      | HP: 1/85 [gnoll sergeant/+4 trident of distortion (12)]
  7760 | D:9      | Slain by a gnoll

Vanquished Creatures
  2 two-headed ogres (D:7)
  Pikel (D:6)
  A deep elf pyromancer (D:9)
  Joseph (D:8)
  Jeremiah (D:6)
  Prince Ribbit (D:8)
  A wyvern (D:8)
  A steam dragon (D:8)
  Grum (D:8)
  2 orc warriors (D:8)
  2 black bears
  2 boggarts (D:7)
  An ogre (D:5)
  A sky beast (D:6)
  2 centaurs (D:8)
  3 wolves (D:8)
  A phantom (D:7)
  2 kobold brigands (D:8)
  Blork the orc (D:4)
  2 bullfrogs
  4 scorpions
  7 orc priests
  A bombardier beetle (D:4)
  3 jellies
  3 hounds
  Crazy Yiuf (D:2)
  Jessica (D:2)
  2 iguanas
  2 sleepcaps
  3 orc wizards
  5 gnolls
  5 adders
  3 shadow imps
  A white imp (D:7)
  2 ufetubi (D:6)
  A ribbon worm (D:2)
  4 dart slugs
  18 orcs
  4 bats
  3 endoplasms
  3 giant cockroaches
  5 goblins
  3 hobgoblins
  10 kobolds
  8 ball pythons
  A frilled lizard (D:1)
  3 rats
135 creatures vanquished.

Vanquished Creatures (others)
  An orc wizard (D:5)
1 creature vanquished.

Grand Total: 136 creatures vanquished

Table legend:
 A = Non-vault XP
 B = Vault XP
 C = Vault XP percentage of total XP
 D = Non-vault monster count
 E = Vault monster count
 F = Vault count percentage of total count
                 A         B        C        D         E       F
            +---------+---------+-------+---------+---------+-------
      Total |    4059 |    4375 |  51.9 |     119 |      17 |  12.5
            +---------+---------+-------+---------+---------+-------
        D:1 |      37 |       0 |   0.0 |      13 |       0 |   0.0
        D:2 |      55 |      78 |  58.6 |      13 |       2 |  13.3
        D:3 |      95 |       0 |   0.0 |      15 |       0 |   0.0
        D:4 |     258 |     148 |  36.5 |      15 |       3 |  16.7
        D:5 |     472 |       0 |   0.0 |      12 |       0 |   0.0
        D:6 |     785 |     989 |  55.7 |      22 |       2 |   8.3
        D:7 |     393 |    1875 |  82.7 |       6 |       4 |  40.0
        D:8 |    1338 |    1285 |  49.0 |      20 |       6 |  23.1
        D:9 |     626 |       0 |   0.0 |       3 |       0 |   0.0
            +---------+---------+-------+---------+---------+-------

Skill      XL: |  1  2  3  4  5  6  7  8  9 10 |
---------------+-------------------------------+-----
Axes           | 3 4 5 6 7 8 9 |  9.9
Fighting       | 4 5 7 9 10 | 10.3
Necromancy     | 3 4 6 8 |  8.0
Armour         | |  2.6
Shields        | |  2.1

Action                     |  1- 3 |  4- 6 |  7- 9 | 10-12 || total
---------------------------+-------+-------+-------+-------++-------
  Melee: War axe           |    44 |    55 |    91 |    61 ||   251
         Dagger            |       |    14 |       |       ||    14
         Mace              |       |    34 |    93 |    63 ||   190
 Invoke: Heroism           |       |       |       |     1 ||     1
    Use: Potion            |       |     6 |     3 |     1 ||    10
         Scroll            |       |     6 |     7 |     2 ||    15
 Armour: Scale mail        |    37 |    60 |   106 |   113 ||   316
  Dodge: Dodged            |    20 |    52 |    53 |    41 ||   166

Illustrated notes

Table legend:
 A = Kills in this place as a percentage of kills in the entire game.
 B = Kills by you in this place as a percentage of kills by you in the entire game.
 C = Kills by friends in this place as a percentage of kills by friends in the entire game.
 D = Other kills in this place as a percentage of other kills in the entire game.
 E = Experience gained in this place as a percentage of experience gained in the entire game.
 F = Experience gained in this place divided by the number of levels of this place that you have seen.
                   A       B       C       D       E      F
               +-------+-------+-------+-------+-------+----------------------
         Total | 100.0 | 100.0 |   N/A | 100.0 | 100.0 | 843.4
       Dungeon | 100.0 | 100.0 |   N/A | 100.0 | 100.0 | 937.1
               +-------+-------+-------+-------+-------+----------------------

Table legend: (Time is in decaauts)
 A = Elapsed time spent in this place.
 B = Non-inter-level travel time spent in this place.
 C = Inter-level travel time spent in this place.
 D = Time resting spent in this place.
 E = Time spent auto-exploring this place.
 F = Levels seen in this place.
 G = Mean time per level.
                   A        B        C        D        E       F      G
               +--------+--------+--------+--------+--------+-----+--------+
         Total |   8115 |   7823 |    292 |    109 |   6548 |  10 |  811.5 |
       Dungeon |   8096 |   7813 |    283 |    109 |   6548 |   9 |  899.6 |
        Temple |     19 |     10 |      9 |      0 |      0 |   1 |   19.0 |
               +--------+--------+--------+--------+--------+-----+--------+

Top non-repeatable levels by time:
     D:8: 1353 daAuts
     D:6: 1268 daAuts
     D:3: 1106 daAuts
     D:5: 1007 daAuts
     D:7: 974 daAuts
     D:2: 916 daAuts
     D:1: 661 daAuts
     D:4: 598 daAuts
     D:9: 208 daAuts
  Temple: 19 daAuts
